 Dungeon Crawl Stone Soup version 0.27.0-66-gdc8fb28755 (webtiles) character file.

Game seed: 506677472125652116

58 ZARRMARR the Ruffian (level 3, -5/36 HPs)
             Began as a Troll Monk on Aug 20, 2021.
             Slain by a goblin (16 damage)
             ... led by Robin
             ... on level 1 of the Dungeon.
             The game lasted 00:05:23 (831 turns).

ZARRMARR the Ruffian (Troll Monk)                    Turns: 831, Time: 00:05:24

Health: -5/36      AC:  4    Str: 19    XL:     3   Next: 75%
Magic:  2/2        EV: 10    Int:  6    God:
Gold:   43         SH:  0    Dex: 13    Spells: 2/2 levels left

rFire    . . .     SeeInvis .     - Unarmed
rCold    + . .     Faith    .   (no shield)
rNeg     . . .     Spirit   .   a - +0 robe
rPois    .         Reflect  .   (helmet restricted)
rElec    .         Harm     .   (no cloak)
rCorr    .         Rampage  .   (gloves unavailable)
Will     .....                  (boots unavailable)
Stlth    ++........             (no amulet)
HPRegen  1.12/turn              g - ring of protection from cold
MPRegen  0.08/turn              (no ring)

@: no status effects
A: large, unfitting armour, claws 3, regeneration 1, shaggy fur 1, tough skin 1
a: no special abilities


You were on level 1 of the Dungeon.
You visited 1 branch of the dungeon, and saw 2 of its levels.

You collected 43 gold pieces.

Inventory:

Missiles
 c - 3 javelins (quivered)
Armour
 a - a +0 robe (worn)
Jewellery
 g - a ring of protection from cold (left claw)
Scrolls
 e - a scroll of summoning
 h - a scroll of noise
Potions
 d - a potion of berserk rage {unknown}
 f - a potion of degeneration {unknown}


   Skills:
 + Level 2.7 Fighting
 + Level 0.3 Throwing
 + Level 2.8 Dodging
 + Level 1.1 Stealth
 + Level 3.9 Unarmed Combat


You had 2 spell levels left.
You didn't know any spells.
Your spell library contained the following spells:

 Spells                   Type           Power      Damage    Failure   Level
 Sublimation of Blood     Necr           0%         N/A       58%         2
 Wereblood                Tmut           0%         N/A       58%         2
 Summon Hydra             Summ           0%         N/A       100%        7


Dungeon Overview and Level Annotations

Branches:
Dungeon (2/15)

Altars:

Annotations:
D:2 Robin


Innate Abilities, Weirdness & Mutations

You are too large for most types of armour.
You have claws for hands.
Your natural rate of healing is unusually fast.
You are covered in fur. (AC +1)
You have tough skin. (AC +1)


Message History

You climb downwards.
Level annotation: Robin The bat hits you but does no damage. x2; The bat misses you.
The goblin closely misses you. The goblin hits you with a +0 dagger.
There is a stone staircase leading up here.
You closely miss the goblin. The bat completely misses you.
The goblin hits you with a +0 club. The goblin barely misses you.
The goblin hits you with a +0 dagger.
Robin roars a battlecry!
The goblins go into a battle-frenzy!
The goblin hits you with a +2 dagger of electrocution.
You are electrocuted!
The bat barely misses you. The bat hits you. The bat closely misses you.
The goblin hits you with a +0 club. The goblin barely misses you.
The goblin completely misses you.
The goblin hits you with a +2 dagger of electrocution.
You climb upwards.
There is a stone staircase leading down here.
You scratch the goblin.
The goblin is almost dead.
The goblin hits you but does no damage.
The goblin hits you with a +2 dagger of electrocution.
You closely miss the goblin.
The goblin is almost dead.
The goblin hits you but does no damage.
You scratch the goblin.
You kill the goblin!
The goblin barely misses you.
You scratch the goblin.
The goblin is severely wounded.
The goblin hits you with a +2 dagger of electrocution.
You barely miss the goblin.
The goblin is severely wounded.
You claw the goblin!
You kill the goblin!
The goblin barely misses you.
You barely miss the goblin. The goblin hits you with a +0 dagger.
The goblin hits you with a +2 dagger of electrocution.
You are electrocuted!
You die...

#.# #.##.#.#.#...............
#.# #.##.#.#.#.......[.......
#.# #.##.#.#....∩..8..8..∩..8
#.# #.##.#.#.#...............
####.###.##.....#...............
#.............[.#..♣).♣..8..8..∩
##.#.###.####.#.#.............).
#.#.# #......#g#...............
#.#.# ########@g..∩.....8..♣..∩
#.#.# ####.##........... #.#.#
###########.......####### #.#.#
#........##...###...# #.#.#
#........##.).#?#...#
##.#.###........##...###...#
#......'........'.....)....#
####.###........#####.#....#####
#.......)....................


You could see 2 goblins.

Vanquished Creatures
  An adder (D:1)
  2 dart slugs (D:1)
  5 endoplasms (D:1)
  2 giant cockroaches (D:1)
  10 goblins
  3 hobgoblins (D:1)
  3 jackals (D:2)
  2 kobolds (D:1)
  3 ball pythons (D:1)
  A bat (D:1)
  2 frilled lizards (D:1)
  6 rats (D:1)
40 creatures vanquished.

Notes
Turn   | Place    | Note
-------+----------+-------------------------------------------
     0 | D:1      | ZARRMARR the Troll Monk began the quest for the Orb.
     0 | D:1      | Reached XP level 1. HP: 22/22 MP: 0/0
   125 | D:1      | Reached XP level 2. HP: 29/29 MP: 1/1
   270 | D:1      | Found Feibul's General Store.
   281 | D:1      | Found a faded altar of an unknown god.
   320 | D:1      | Reached XP level 3. HP: 36/36 MP: 2/2
   780 | D:2      | Noticed Robin
   831 | D:1      | Slain by a goblin

Illustrated notes

Levels and vault maps discovered:
D:1:      dpeg_arrival_short_road, layout_basic, serial_shops, shop_fountains,
          hellmonk_ecumenical_altar_arch_garden, grunt_decor_arrowhead,
          item_on_display_a
D:2:      layout_rooms, uniq_robin

Action                   || total
-------------------------++-------
Melee: Unarmed           ||    86
       Punch             ||     2
Throw: Javelin           ||    10
  Use: Scroll            ||     2
Armor: Robe              ||    43
Dodge: Dodged            ||    67
